 Dungeon Crawl Stone Soup version 0.31-a0-175-g9f7f995f2b (webtiles) character file.

Game seed: 966054857369689956

4 qw the Shooter (level 1, -1/19 HPs)
             Began as a Naga Hunter on June 17, 2023.
             Slain by a hobgoblin (4 damage)
             ... on level 1 of the Dungeon.
             The game lasted 00:00:04 (112 turns).

qw the Shooter (Naga Hunter)                         Turns: 112, Time: 00:00:04

Health: -1/19      AC:  1    Str: 13    XL:     1   Next: 70%
Magic:  1/1        EV:  9    Int:  9    God:
Gold:   0          SH:  0    Dex: 14    Spells: 0/0 levels left

rFire   . . .        a - +0 shortbow
rCold   . . .        (shield currently unavailable)
rNeg    . . .        c - +0 leather armour
rPois   +            (no helmet)
rElec   .            (no cloak)
rCorr   .            (no gloves)
SInv    +            (no barding)
Will    .....        (no amulet)
Stlth   ++           (no ring)
HPRegen 0.23/turn    (no ring)
MPRegen 0.07/turn

%: no passive effects
@: short of breath, very slow
A: AC +0, large, see invisible, deformed body, poison resistance, slowness 2,
spit poison 1, naga tail 1
a: Spit Poison


You were on level 1 of the Dungeon.
You visited 1 branch of the dungeon, and saw 1 of its levels.


Innate Abilities, Weirdness & Mutations

Your serpentine skin is tough. (AC +0)
You have supernaturally acute eyesight. (SInv)
Armour fits poorly on your strangely shaped body.
Your system is resistant to poisons. (rPois)
You cover ground very slowly.
You can spit poison.
You have a snake-like lower body.


   Skills:
 - Level 2.0 Fighting
 + Level 3.9 Ranged Weapons
 - Level 1.5 Dodging
 - Level 1.5 Stealth


You couldn't memorise any spells.
You didn't know any spells.
Your spell library was empty.

Inventory:

Hand Weapons
 a - a +0 shortbow (weapon)
Armour
 c - a +0 leather armour (worn)
Scrolls
 b - a scroll of butterflies

Dungeon Overview and Level Annotations

Branches:
Dungeon (1/15)

Altars:


Message History

You kill the bat!
The bat hits you.
You shoot an arrow. The arrow barely misses the bat.
You have got your breath back.
The bat hits you but does no damage. The bat hits you.
103 ||| INVOKING Spit Poison.
Aiming: Spit Poison (3% risk of failure)
Press: ? - help, Shift-Dir - straight line, f/p - bat The splash of poison hits the bat.
The bat is poisoned.
The bat is severely wounded.
The bat hits you but does no damage.
You shoot an arrow. The arrow closely misses the bat.
You kill the bat!
You shoot an arrow. The arrow barely misses the hobgoblin.
You shoot an arrow. The arrow barely misses the hobgoblin.
The hobgoblin hits you.
You shoot an arrow. The arrow barely misses the hobgoblin.
You have got your breath back.
The hobgoblin closely misses you. The hobgoblin hits you.
108 ||| INVOKING Spit Poison.
Aiming: Spit Poison (3% risk of failure)
Press: ? - help, Shift-Dir - straight line, f/p - hobgoblin The splash of poison misses the hobgoblin.
The hobgoblin hits you.
You shoot an arrow. The arrow barely misses the hobgoblin.
The hobgoblin hits you.
You shoot an arrow. The arrow hits the hobgoblin.
The hobgoblin is lightly wounded.
The hobgoblin hits you.
You shoot an arrow. The arrow closely misses the hobgoblin.
You have got your breath back.
The hobgoblin hits you.
112 ||| INVOKING Spit Poison.
Aiming: Spit Poison (3% risk of failure)
Press: ? - help, Shift-Dir - straight line, f/p - hobgoblin The splash of poison hits the hobgoblin.
The hobgoblin is poisoned.
The hobgoblin is almost dead.
The hobgoblin hits you.
You die...

#.# ######## #.#
#......# #.#########
#.####.#
####.........###.##
#.#
..........>.......#
#.#
.#.....#####.###..#
#.# ##...## #.# #..#
#.#
##%#######.###..###.#
#.........##.@.....#
#.##########g#.###.#
##'## #.#.# #.#
##...## #.#.# #.#
##.....## #.#.# #.#
#.......# ..#.# #.#
%........# ..#.# #.#
)........+ ..... ..#
.........# #.#


You could see a hobgoblin (poisoned).

Vanquished Creatures
  A goblin (D:1)
  4 bats (D:1)
5 creatures vanquished.

Notes
Turn   | Place    | Note
-------+----------+-------------------------------------------
     0 | D:1      | qw the Naga Hunter began the quest for the Orb.
     0 | D:1      | Reached XP level 1. HP: 19/19 MP: 1/1
     0 | D:1      | 0 ||| qw: Version: 0.3-a-2-g5ab2908
     0 | D:1      | 0 ||| qw: Game counter: 158
     0 | D:1      | 0 ||| qw: Always use a shield: true
     0 | D:1      | 0 ||| qw: God list: Okawaru
     0 | D:1      | 0 ||| qw: Allow faded altars: false
     0 | D:1      | 0 ||| qw: Do Orc after D:15 true
     0 | D:1      | 0 ||| qw: Do second Lair branch before Depths: true
     0 | D:1      | 0 ||| qw: Lair rune preference: random
     0 | D:1      | 0 ||| qw: Plans: Normal
     0 | D:1      | 0 ||| PLANNING D:1-11
    32 | D:1      | 32 ||| INVOKING Spit Poison.
    38 | D:1      | 38 ||| INVOKING Spit Poison.
    49 | D:1      | 49 ||| INVOKING Spit Poison.
    52 | D:1      | 52 ||| INVOKING Spit Poison.
    99 | D:1      | 99 ||| INVOKING Spit Poison.
   103 | D:1      | 103 ||| INVOKING Spit Poison.
   108 | D:1      | 108 ||| INVOKING Spit Poison.
   111 | D:1      | HP: 3/19 [hobgoblin (3)]
   112 | D:1      | 112 ||| INVOKING Spit Poison.
   112 | D:1      | Slain by a hobgoblin

Levels and vault maps discovered:
D:1:      ldierk_walled_garden, layout_loops_corners,
          shapermc_ecumenical_altar_gd, serial_shops, shop

Action                     || total
---------------------------++-------
   Fire: Shortbow          ||    19
Ability: Spit Poison       ||     8
 Armour: Leather armour    ||     4
  Dodge: Dodged            ||    10

Table legend:
 A = Non-vault XP
 B = Vault XP
 C = Vault XP percentage of total XP
 D = Non-vault monster count
 E = Vault monster count
 F = Vault count percentage of total count
                 A         B        C        D         E       F
            +---------+---------+-------+---------+---------+-------
      Total |       7 |       0 |   0.0 |       5 |       0 |   0.0
            +---------+---------+-------+---------+---------+-------
        D:1 |       7 |       0 |   0.0 |       5 |       0 |   0.0
            +---------+---------+-------+---------+---------+-------
